 Dungeon Crawl Stone Soup version 0.19-a0-4-ga5c5ac4 (webtiles) character file.

389 HaroldButt the Insei (level 6, -12/35 HPs)
             Began as a Vine Stalker Monk on Apr 28, 2016.
             Was a Believer of Okawaru.
             Killed from afar by Ijyb (24 damage)
             ... with a wand of acid
             ... on level 4 of the Dungeon.
             The game lasted 00:07:26 (2094 turns).

HaroldButt the Insei (Vine Stalker Monk)            Turns: 2094, Time: 00:07:27

Health: -12/35     AC: 11    Str: 16    XL:     6   Next: 79%
Magic:  0/7        EV: 11    Int: 10    God:    Okawaru [**....]
Gold:   185        SH:  0    Dex: 16    Spells: 0 memorised, 5 levels left

rFire  . . .     SeeInvis .       - Unarmed
rCold  . . .     Gourm    .     j - +0 ring mail
rNeg   . . .     Faith    .     (no shield)
rPois  .         Spirit   +     (no helmet)
rElec  .         Dismiss  .     h - +1 cloak
rCorr  .         Reflect  .     d - +2 pair of gloves
SustAt .         Harm     .     e - +0 pair of boots
MR     .....                    (no amulet)
Stlth  ++........               (no ring)
                                (no ring)

@: not resistant to hostile enchantments, unstealthy
A: fangs 2, regeneration 2, magic shield, antimagic bite, no device heal 3, rot
immunity
a: Heroism, Renounce Religion


You were on level 4 of the Dungeon.
You worshipped Okawaru.
Okawaru was pleased with you.
You were not hungry.

You visited 1 branch of the dungeon, and saw 4 of its levels.

You collected 185 gold pieces.

Inventory:

Missiles
 g - 16 poisoned needles
Armour
 d - a +2 pair of gloves (worn)
 e - a +0 pair of boots (worn)
 h - a +1 cloak (worn)
 j - a +0 ring mail (worn)
Wands
 i - a wand of digging (0/24)
 m - a wand of enslavement (14/24)
Scrolls
 c - 4 scrolls of identify
 f - a scroll of magic mapping
 r - a scroll of teleportation
Potions
 o - a potion of might
 p - a potion of curing
Comestibles
 a - a fruit
 b - 4 bread rations
 k - a beef jerky
 l - a slice of pizza
 n - 5 chunks of flesh
 q - a meat ration


   Skills:
 + Level 5.1 Fighting
 - Level 2.4 Dodging
 - Level 2.4 Stealth
 + Level 6.2 Unarmed Combat


You had 5 spell levels left.
You didn't know any spells.

Dungeon Overview and Level Annotations

Branches:
Dungeon (4/15)
 Temple: D:4-7

Altars:
Okawaru

Annotations:
D:4 Ijyb


Innate Abilities, Weirdness & Mutations

You have extremely sharp teeth.
You heal very quickly.
When hurt, damage is shared between your health and your magic reserves.
Your bite disrupts and absorbs the magic of your enemies.
Potions and wands cannot restore your health.
You are immune to rotting.


Message History

Ijyb barely misses you.
You hit Ijyb but do no damage.
Ijyb is lightly wounded.
Ijyb barely misses you.
You barely miss Ijyb. Your bite misses Ijyb.
Ijyb is lightly wounded.
Ijyb hits you.
You hit Ijyb but do no damage.
Ijyb is lightly wounded.
Ijyb hits you but does no damage.
You hit Ijyb but do no damage. You bite Ijyb, but do no damage.
Ijyb is lightly wounded.
You hit Ijyb but do no damage. You bite Ijyb, but do no damage.
Ijyb is lightly wounded.
Ijyb zaps a wand.
The bolt of acid hits you!
The acid burns!
You punch Ijyb! Your bite misses Ijyb.
Ijyb is heavily wounded.
Ijyb zaps a wand.
The bolt of acid hits you!
Ouch! That really hurt!
You die...

#.# #.# #.#### ##.# #.# #..
.##### #..# #.## #>##.8.8.8
#..# #..###.#.......
#..####+####......#.......
######.....#?#....####.#.......
.......#...###.#### #........g
###.<(........)########..a.....
#).###.......)@gg...†#..8.8.8
###..# ##....#.########.#.#####
..#..# #....#.# #.#.# .....#
#..###.# ##.# .....## #..# #.#
# ......###..# #.#
....#......#....
......####.#.### .............#


You could see Ijyb and a goblin.

Vanquished Creatures
  A hippogriff (D:3)
  A scorpion (D:4)
  Jessica (D:2)
  Natasha (thrice) (D:2)
  A worker ant (D:4)
  3 adders
  An ooze (D:3)
  A worm (D:4)
  2 dart slugs
  3 giant geckos
  A giant cockroach (D:3)
  10 goblins
  5 hobgoblins
  2 jackals (D:4)
  A quokka (D:4)
  10 bats
  5 giant newts
  4 kobolds
  7 rats
62 creatures vanquished.

Vanquished Creatures (others)
  A goblin (D:4)
1 creature vanquished.

Grand Total: 63 creatures vanquished

Notes
Turn   | Place    | Note
--------------------------------------------------------------
     0 | D:1      | HaroldButt the Vine Stalker Monk began the quest for the Orb.
     0 | D:1      | Reached XP level 1. HP: 11/11 MP: 2/2
   161 | D:1      | Reached XP level 2. HP: 16/16 MP: 3/3
   705 | D:1      | Reached XP level 3. HP: 20/20 MP: 4/4
  1046 | D:2      | Noticed Natasha
  1076 | D:2      | Killed Natasha
  1076 | D:2      | Reached XP level 4. HP: 9/24 MP: 2/5
  1087 | D:2      | Noticed Natasha
  1105 | D:2      | Killed Natasha
  1141 | D:2      | Noticed Jessica
  1155 | D:2      | Killed Jessica
  1155 | D:2      | Reached skill level 5 in Unarmed Combat
  1402 | D:2      | Noticed Natasha
  1411 | D:2      | Killed Natasha
  1411 | D:2      | Reached XP level 5. HP: 27/29 MP: 4/6
  1456 | D:3      | Noticed a hippogriff
  1479 | D:3      | Killed a hippogriff
  1479 | D:3      | Gained mutation: You heal very quickly. [Vine Stalker growth]
  1479 | D:3      | Reached XP level 6. HP: 16/34 MP: 3/7
  1749 | D:3      | Found an iron altar of Okawaru.
  1757 | D:3      | Became a worshipper of Warmaster Okawaru
  1757 | D:3      | Reached * piety under Okawaru
  1757 | D:3      | Reached ** piety under Okawaru
  1942 | D:4      | Reached skill level 6 in Unarmed Combat
  1998 | D:4      | Reached skill level 5 in Fighting
  2062 | D:4      | Noticed Ijyb
  2094 | D:4      | Killed from afar by Ijyb

Vault maps used:
D:1:      wheals_arrival_linesprint, minmay_misc_feat_five,
          hangedman_feature_mirror
D:2:      uniq_jessica, uniq_natasha
D:3:      okawaru_trees_1
D:4:      kennysheep_the_goblin_king, nicolae_ru_sacrificial_ziggurat,
          grunt_tough_drop, uniq_sigmund, uniq_pikel

Skill      XL: |  1  2  3  4  5  6 |
---------------+-------------------+-----
Fighting       | 3 4 5 |  5.1
Unarmed Combat | 5 6 |  6.2
Dodging        | |  2.4
Stealth        | |  2.4

Action                   |  1- 3 |  4- 6 || total
-------------------------+-------+-------++-------
Melee: Unarmed           |    94 |   136 ||   230
       Bite              |    16 |    31 ||    47
       Punch             |       |     3 ||     3
  Use: Scroll            |       |     8 ||     8
 Stab: Sleeping          |     5 |     1 ||     6
  Eat: Chunk             |       |     4 ||     4
Armor: Robe              |    16 |       ||    16
       Ring mail         |     5 |    22 ||    27
       Chain mail        |    29 |    53 ||    82
Dodge: Dodged            |    59 |    71 ||   130
